 Dungeon Crawl Stone Soup version 0.24.0-35-gdb84b6a5db (webtiles) character file.

Game seed: 17969305652830984987, levelgen mode: deterministic

3954 Esekla the Carver (level 10, -6/74 HPs)
             Began as a Demonspawn Wanderer on Nov 19, 2019.
             Killed from afar by Erica (32 damage)
             ... with an orb of energy
             ... on level 8 of the Dungeon.
             The game lasted 01:38:05 (10966 turns).

Esekla the Carver (Demonspawn Wanderer)            Turns: 10966, Time: 01:38:06

Health: -6/74      AC:  5    Str: 11    XL:     10   Next: 2%
Magic:  16/24      EV: 14    Int: 18    God:
Gold:   135        SH:  6    Dex: 17    Spells: 10/16 levels left

rFire    . . .     SeeInvis .   a - +2 falchion
rCold    . . .     Gourm    .   (no shield)
rNeg     . . .     Faith    .   c - +0 robe
rPois    +         Spirit   .   (no helmet)
rElec    .         Reflect  .   y - +2 cloak {rPois}
rCorr    .         Harm     .   (gloves unavailable)
MR       .....                  (no boots)
Stlth    ++........             (no amulet)
HPRegen  0.22/turn              f - ring of magical power
MPRegen  0.19/turn              N - +4 ring of intelligence

@: very slightly contaminated
A: claws 3, large bone plates 2
a: no special abilities


You were on level 8 of the Dungeon.
You were near starving.

You visited 1 branch of the dungeon, and saw 9 of its levels.
You also visited: Ossuary.

You collected 455 gold pieces.
You spent 320 gold pieces at shops.

Inventory:

Hand Weapons
 a - a +2 falchion (weapon)
 p - a +0 spear
 r - a +0 trident
Missiles
 h - 64 poisoned darts (quivered)
Armour
 c - a +0 robe (worn)
 q - a +2 pair of gloves
 v - a +2 ring mail of poison resistance
 y - a +2 cloak of poison resistance (worn)
 G - +0 ice dragon scales
 J - the +3 leather armour "Voucueth" {*Slow +Inv MR- Int+9}
   (You found it on level 6 of the Dungeon)

   It affects your intelligence (+9).
   It affects your resistance to hostile enchantments.
   It lets you turn invisible.
   It may slow you when you take damage.
Jewellery
 e - a +2 ring of strength
 f - a ring of magical power (left claw)
 t - an uncursed ring of positive energy
 K - an uncursed ring of magical power
 N - a +4 ring of intelligence (right claw)
Wands
 x - a wand of random effects (4)
Scrolls
 b - a scroll of enchant weapon {unknown}
 g - 4 scrolls of fear
 i - a scroll of immolation
 j - 3 scrolls of remove curse
 n - a scroll of fog {unknown}
 o - a scroll of enchant armour {unknown}
 u - 12 scrolls of teleportation
 w - a scroll of identify
 B - a scroll of random uselessness {unknown}
 C - a scroll of amnesia
 F - 6 scrolls of magic mapping
 I - a scroll of blinking {unknown}
 M - a scroll of vulnerability {unknown}
 O - a scroll of torment {unknown}
Potions
 k - 3 potions of cancellation
 m - 4 potions of lignification
 s - 3 potions of brilliance
 z - 2 potions of magic
 A - 4 potions of curing
 D - a potion of agility
 E - a potion of haste
 H - a potion of flight
 L - a potion of invisibility
Comestibles
 d - 8 rations


   Skills:
 + Level 5.5 Fighting
 * Level 9.3 Long Blades
   Level 1.7 Maces & Flails
 - Level 2.5 Throwing
 + Level 2.5 Armour
 + Level 3.5 Dodging
 - Level 1.0 Stealth
   Level 1.0 Shields
 * Level 3.5 Spellcasting
 * Level 3.7 Conjurations
 * Level 4.1 Hexes


You had 10 spell levels left.
You knew the following spells:

 Your Spells              Type           Power        Failure   Level  Hunger
a - Corona                Hex            ###....      2%          1    None
d - Dazzling Spray        Conj/Hex       ###...       9%          3    ###....
e - Searing Ray           Conj           ###...       4%          2    ##.....

Your spell library contained the following spells:

 Spells                   Type           Power        Failure   Level  Hunger
 Magic Dart               Conj           ###.         3%          1    None
 Slow                     Hex            ###.....     4%          2    ##.....
 Inner Flame              Hex/Fire       ##......     21%         3    ###....
 Portal Projectile        Hex/Tloc       ##....       21%         3    ###....
 Cause Fear               Hex            ###.......   28%         4    ####...
 Fulminant Prism          Conj/Hex       ###.......   30%         4    ####...
 Iskenderun's Mystic Bla  Conj           ###.....     32%         4    ####...
 Leda's Liquefaction      Hex/Erth       ##........   54%         4    ####...
 Force Lance              Conj/Tloc      #.......     56%         4    ####...


Dungeon Overview and Level Annotations

Branches:
Dungeon (9/15)             Temple (0/1) D:6         Ossuary (visited)
   Lair: D:8-11         Orc: D:9-12

Altars:
Fedhas
Okawaru
Sif Muna
Uskayaw

Shops:
D:5 ?   D:7 *   D:8 *

Annotations:
D:8 Erica


Innate Abilities, Weirdness & Mutations

You have claws for hands.
You are mostly covered in large bone plates. (SH +6)


Message History

You slash Erica!
Erica is almost dead.
Erica hits you with a +1 scimitar of flaming!
Erica burns you.
You bump into the rock wall.
Erica says, "I love to fight, but killing is better."
Erica gestures wildly while chanting.
Erica flickers and vanishes!
Deactivating autopickup; reactivate with Ctrl-A.
You bump into the rock wall.
Something hits you. Something burns you.
You hear some strange, mumbled words.
A bolt of poison appears from out of thin air!
The bolt of poison misses you.
You feel less confused.
You hear some strange, mumbled words.
An orb of energy appears from out of thin air!
The orb of energy misses you.
An orb of energy appears from out of thin air!
The orb of energy hits you!!
You die...

#####.##..##..........)#
#...(.#####.###..###
###.....# #... ..#
#.(##.# ##### .
##..#.### ##.....##
#.$....### ###.#....##
#.###.@.# #.# ##....#
#.# ##...# #.# ..... #.
#.#.... .#.... ## ... ..


There were no monsters in sight!

Vanquished Creatures
  Pikel (D:3)
  2 hippogriffs (D:9)
  Sigmund (D:2)
  A spriggan (D:7)
  A wyvern (D:9)
  Menkaure (D:4)
  2 sky beasts
  3 slaves (D:3)
  An ice beast (D:5)
  2 ogres
  2 centaurs (D:5)
  4 bullfrogs
  2 elf skeletons (D:7)
  2 scorpions
  A howler monkey (D:3)
  2 crimson imps (D:6)
  4 centaur zombies (Ossuary)
  A bullfrog zombie (D:8)
  2 bullfrog skeletons
  2 hounds
  4 jellies
  Crazy Yiuf (D:4)
  3 orc priests
  2 orc wizards
  An iguana (D:9)
  Natasha (thrice) (D:4 D:3)
  Terence (D:2)
  2 human skeletons (D:7)
  3 worker ants
  An ogre zombie (Ossuary)
  A hound zombie (D:5)
  A hound skeleton (D:5)
  7 mummies (Ossuary)
  8 gnolls
  16 adders
  3 shadow imps
  6 adder zombies (Ossuary)
  2 adder skeletons
  5 dart slugs
  3 worms (D:3)
  7 leopard geckos
  12 orcs
  2 ball pythons
  4 giant cockroaches
  A gnoll zombie (Ossuary)
  7 goblins
  7 hobgoblins
  24 jackals
  12 kobolds
  3 quokkas
  6 bats
  2 frilled lizards
  4 goblin zombies (Ossuary)
  4 hobgoblin zombies (Ossuary)
  3 kobold zombies (Ossuary)
  An orc skeleton (D:7)
  2 orc zombies
  6 quokka zombies
  10 rats
  2 rat zombies (Ossuary)
229 creatures vanquished.

Notes
Turn   | Place    | Note
-------+----------+-------------------------------------------
     0 | D:1      | Esekla the Demonspawn Wanderer began the quest for the Orb.
     0 | D:1      | Esekla set off with the following items: a +2 falchion, 2
                  | potions of curing, a +0 robe, a ration
     0 | D:1      | Reached XP level 1. HP: 18/18 MP: 1/1
   103 | D:1      | Reached skill level 2 in Long Blades
   103 | D:1      | Gained mutation: You have sharp fingernails. [demonic
                  | ancestry]
   103 | D:1      | Reached XP level 2. HP: 16/24 MP: 2/2
   562 | D:1      | Gained mutation: You are partially covered in large bone
                  | plates. (SH +4) [demonic ancestry]
   562 | D:1      | Reached XP level 3. HP: 29/29 MP: 3/3
   966 | D:2      | Noticed Terence
   979 | D:2      | Killed Terence
   979 | D:2      | Reached skill level 3 in Long Blades
   979 | D:2      | Gained mutation: You are mostly covered in large bone
                  | plates. (SH +6) [demonic ancestry]
   979 | D:2      | Reached XP level 4. HP: 37/37 MP: 4/4
  1044 | D:2      | Noticed Sigmund
  1065 | D:2      | Killed Sigmund
  1065 | D:2      | Reached skill level 4 in Long Blades
  1065 | D:2      | Gained mutation: You have very sharp fingernails. [demonic
                  | ancestry]
  1065 | D:2      | Reached XP level 5. HP: 6/42 MP: 5/5
  1586 | D:2      | Reached XP level 6. HP: 34/48 MP: 6/6
  2900 | D:3      | Reached skill level 1 in Stealth
  3224 | D:3      | Reached skill level 5 in Long Blades
  3622 | D:4      | Noticed Natasha
  3814 | D:4      | Reached XP level 7. HP: 27/55 MP: 7/7
  4170 | D:4      | Killed Natasha
  4277 | D:4      | Found a runed translucent door.
  4278 | D:4      | Noticed Crazy Yiuf
  4476 | D:4      | Reached skill level 1 in Armour
  4579 | D:4      | Reached skill level 6 in Long Blades
  4676 | D:3      | Learned a level 2 spell: Searing Ray
  4680 | D:3      | Learned a level 3 spell: Dazzling Spray
  4742 | D:4      | Noticed Pikel
  4853 | D:4      | Noticed Natasha
  4865 | D:3      | Killed Natasha
  4995 | D:3      | Noticed Natasha
  5004 | D:3      | Killed Natasha
  5042 | D:4      | Killed Crazy Yiuf
  5582 | D:3      | Killed Pikel
  5582 | D:3      | Reached skill level 1 in Spellcasting
  5582 | D:3      | Reached skill level 1 in Conjurations
  5582 | D:3      | Reached skill level 1 in Hexes
  5582 | D:3      | Gained mutation: You have claws for hands. [demonic
                  | ancestry]
  5582 | D:3      | Reached XP level 8. HP: 38/61 MP: 9/9
  5846 | D:5      | Entered Level 5 of the Dungeon
  5916 | D:5      | Reached skill level 7 in Long Blades
  5963 | D:5      | Noticed Menkaure
  6141 | D:4      | Killed Menkaure
  6293 | D:5      | Reached skill level 5 in Fighting
  6325 | D:5      | Found a blossoming altar of Fedhas.
  6681 | D:4      | Reached XP level 9. HP: 54/68 MP: 12/12
  6846 | D:5      | Found Abez's Magic Scroll Boutique.
  6853 | D:5      | Bought a scroll of fear for 42 gold pieces
  6853 | D:5      | Bought a scroll of teleportation for 36 gold pieces
  6853 | D:5      | Bought a scroll of identify for 24 gold pieces
  6853 | D:5      | Bought a scroll of remove curse for 36 gold pieces
  7018 | D:5      | You fall into a shaft and drop 3 floors!
  7034 | D:8      | Reached skill level 8 in Long Blades
  7161 | D:7      | Found a sand-covered staircase.
  7202 | Ossuary  | Entered an ossuary
  8169 | D:7      | Found Coijaosh's Assorted Antiques.
  8328 | D:7      | Bought a scroll labeled IHEPNIOGREACA for 31 gold pieces
  8328 | D:7      | Bought a scroll labeled BABURPHETIT for 31 gold pieces
  8372 | D:6      | Found a shimmering blue altar of Sif Muna.
  8373 | D:6      | Got a twisted leather armour
  8450 | D:7      | Identified the +3 leather armour "Voucueth" {*Slow +Inv MR-
                  | Int+9} (You found it on level 6 of the Dungeon)
  8815 | D:6      | Found an iron altar of Okawaru.
  8857 | D:6      | Got a spiked plate armour
  8879 | D:6      | Got a shimmering robe
  8992 | D:5      | Identified the cursed +1 plate armour of the Duke {rC+}
                  | (You found it on level 6 of the Dungeon)
  9007 | D:5      | Identified the +1 robe "Weug" {MR- Dex+5} (You found it on
                  | level 6 of the Dungeon)
  9093 | D:6      | Found a staircase to the Ecumenical Temple.
  9937 | D:8      | Found Guhepito's Assorted Antiques.
  9951 | D:8      | Bought a bone ring for 120 gold pieces
  9992 | D:9      | Reached skill level 9 in Long Blades
  9999 | D:9      | Learned a level 1 spell: Corona
 10452 | D:9      | Noticed a +0 dagger
 10454 | D:9      | Noticed a +0 hand axe
 10456 | D:9      | Found a hide-covered altar of Uskayaw.
 10543 | D:9      | Reached XP level 10. HP: 7/74 MP: 14/15
 10889 | D:8      | Noticed Erica
 10966 | D:8      | Killed from afar by Erica

Levels and vault maps discovered:
D:1:      lightli_arrival_boilingwater, layout_basic
D:2:      layout_loops_corners, serial_rivers, chequers_serial_rivers_room_b,
          chequers_serial_rivers_small_a, chequers_serial_rivers_micro_e,
          chequers_serial_rivers_large_a, first_ration, uniq_sigmund,
          uniq_terence
D:3:      layout_basic, kennysheep_generic_room_3
D:4:      layout_loops_ring, uniq_crazy_yiuf_cottage, uniq_natasha, uniq_pikel
D:5:      layout_rooms, fedhas_bush_and_centaur_altar, serial_shops,
          kennysheep_mini_moat, uniq_menkaure
D:6:      layout_loops_ring, minmay_temple_entry_glassed_door, basic_altar,
          minmay_misc_feat_roman, okawaru_metal_pillars_1_2
D:7:      layout_loops_ring, nicolae_ossuary_entry_catacombs, serial_shops,
          nicolae_shop_crystal, the_bakery
D:8:      minmay_octagon_keep, layout_rooms, lemuel_crystal_altar,
          tso_metal_star, serial_shops, nicolae_shop_stone, uniq_psyche,
          uniq_erica
D:9:      layout_gridville, dancing_weapons_uskayaw, serial_shops,
          shop_fountains, nemelex_dance_club_becter

Skill      XL: |  1  2  3  4  5  6  7  8  9 |
---------------+----------------------------+-----
Long Blades    | 2 3 4 5 6 7 9 |  9.3
Fighting       | 4 5 |  5.5
Throwing       | 2 |  2.5
Stealth        | 1 |  1.0
Armour         | 2 |  2.5
Dodging        | 2 3 |  3.5
Spellcasting   | 1 2 3 |  3.5
Conjurations   | 1 2 3 |  3.7
Hexes          | 1 2 4 |  4.1
Maces & Flails | |  1.7
Shields        | |  1.0

Action                   |  1- 3 |  4- 6 |  7- 9 | 10-12 || total
-------------------------+-------+-------+-------+-------++-------
Melee: Falchion          |    83 |   212 |   655 |    28 ||   978
Throw: Dart              |     3 |    24 |    38 |     6 ||    71
 Cast: Searing Ray       |       |       |    26 |       ||    26
       Dazzling Spray    |       |       |    25 |     7 ||    32
  Use: Potion            |     1 |     1 |     2 |     3 ||     7
       Scroll            |       |     2 |    12 |       ||    14
 Stab: Sleeping          |       |     2 |    21 |       ||    23
       Distracted        |       |     1 |       |       ||     1
       Invisible         |       |       |    11 |     3 ||    14
  Eat: Chunk             |       |     6 |    18 |       ||    24
       Ration            |       |     1 |     3 |       ||     4
Armor: Robe              |    15 |    21 |    64 |     2 ||   102
       Ring mail         |       |     7 |    63 |       ||    70
Dodge: Dodged            |    45 |   102 |   304 |    19 ||   470
Block: Other             |     4 |    57 |   134 |     3 ||   198
       Rpst.: Falchion   |    12 |    30 |    97 |     4 ||   143
